 Dungeon Crawl Stone Soup version 0.28.0-45-g0d030f2227 (webtiles) character file.

Game seed: 4636546351553291538

161 pkoi the Ruffian (level 4, 0/38 HPs)
             Began as a Demigod Gladiator on Apr 11, 2022.
             Hit by a goblin thrown by Robin (1 damage)
             ... on level 2 of the Dungeon.
             The game lasted 00:02:44 (3463 turns).

pkoi the Ruffian (Demigod Gladiator)                Turns: 3463, Time: 00:02:46

Health: 0/38       AC:  7    Str: 19    XL:     4   Next: 98%
Magic:  6/6        EV: 10    Int: 10    God:
Gold:   97         SH:  0    Dex: 15    Spells: 3/3 levels left

rFire   . . .      SeeInvis .     - Unarmed
rCold   . . .      Faith    .   (no shield)
rNeg    . . .      Spirit   .   j - +0 scale mail
rPois   .          Reflect  .   b - +0 helmet
rElec   .          Harm     .   (no cloak)
rCorr   .          Rampage  .   (no gloves)
Will    .....                   (no boots)
Stlth   ..........              (no amulet)
HPRegen 0.12/turn               (no ring)
MPRegen 0.10/turn               (no ring)

@: lethally poisoned (0 -> -1)
A: high MP 1, forlorn, divine attributes
a: no special abilities


You were on level 2 of the Dungeon.
You visited 1 branch of the dungeon, and saw 2 of its levels.

You collected 97 gold pieces.

Inventory:

Hand Weapons
 d - a +0 hand axe
 g - a +0 short sword of speed
Missiles
 c - 2 throwing nets (quivered)
 e - 7 poisoned darts
Armour
 a - a +0 leather armour
 b - a +0 helmet (worn)
 j - a +0 scale mail (worn)
Scrolls
 f - a scroll of blinking {unknown}
Potions
 h - a potion of curing
 i - a potion of haste


   Skills:
 + Level 3.1 Fighting
 - Level 1.7 Throwing
 - Level 2.6 Dodging
 * Level 4.7 Unarmed Combat


You had 3 spell levels left.
You didn't know any spells.
Your spell library was empty.

Dungeon Overview and Level Annotations

Branches:
Dungeon (2/15)

Annotations:
D:2 1 runed translucent door, Crazy Yiuf, Robin


Innate Abilities, Weirdness & Mutations

You have an increased reservoir of magic. (+10% MP)
You shall have no god before yourself.
Your divine heritage dramatically boosts your attributes as you level up.


Message History

* * * LOW HITPOINT WARNING * * *
You feel very sick. Robin throws the goblin at you!
The goblin unwields a +0 hunting sling.
The goblin wields a +0 club.
The goblin closely misses you.
You barely miss the goblin.
You feel sick. The goblin hits you with a +0 club.
* * * LOW HITPOINT WARNING * * *
You hit the goblin but do no damage.
You feel sick. The goblin hits you with a +0 dagger.
* * * LOW HITPOINT WARNING * * *
The goblin hits you with a +0 club.
* * * LOW HITPOINT WARNING * * *
Robin roars a battlecry!
The goblin goes into a battle-frenzy!
You closely miss the goblin.
You feel sick. The goblin hits you with a +0 club.
* * * LOW HITPOINT WARNING * * *
The goblin hits you with a +0 dagger.
* * * LOW HITPOINT WARNING * * *
The goblin hits you but does no damage.
Unknown command.
You hit the goblin.
The goblin is severely wounded.
You feel sick. The goblin hits you with a +0 club.
* * * LOW HITPOINT WARNING * * *
The goblin hits you but does no damage. The goblin closely misses you.
You punch the goblin!
You kill the goblin!
The goblin hits you but does no damage. x2
Unknown command.
* * * LOW HITPOINT WARNING * * *
You feel sick. Robin throws the goblin at you!
Things that are here:
a +0 club; a +0 hunting sling; 12 stones Unknown command.
You hit the goblin.
You kill the goblin!
* * * LOW HITPOINT WARNING * * *
You feel sick.
The goblin no longer looks unusually strong. x2
Robin throws the goblin at you!
You die...

#.8.8...####.#..#
#8...⌠###.....
#.#+#.#..#......#
##...###...... #....#.....#
#...# #......
###........#####...###......
#.##........#8...8##......
#.###.....^.##...###......
#.. ##.g...##....##.......
#..##...####.....[.....(..
......ggg@g..#######......
.....######### #....##
...... ##....# ..##...
#.....# . 8. ###.##### ##.
### ###...# #.# #...###
#.######.### #........#


You could see Robin and 3 goblins.

Vanquished Creatures
  Terence (D:2)
  Natasha (thrice) (D:2)
  An adder (D:2)
  An orc (D:2)
  8 endoplasms
  2 giant cockroaches (D:2)
  9 goblins
  6 hobgoblins
  A quokka (D:1)
  2 ball pythons (D:1)
  5 bats
  5 frilled lizards
  5 kobolds (D:1)
  4 rats (D:1)
53 creatures vanquished.

Notes
Turn   | Place    | Note
-------+----------+-------------------------------------------
     0 | D:1      | pkoi the Demigod Gladiator began the quest for the Orb.
     0 | D:1      | Reached XP level 1. HP: 17/17 MP: 3/3
   249 | D:1      | Reached skill level 3 in Unarmed Combat
   600 | D:1      | Reached XP level 2. HP: 16/24 MP: 4/4
  1991 | D:2      | Noticed Natasha
  1998 | D:2      | Killed Natasha
  1999 | D:2      | Reached XP level 3. HP: 11/30 MP: 5/5
  2597 | D:2      | Found a runed translucent door.
  2598 | D:2      | Noticed Crazy Yiuf
  2649 | D:2      | Noticed Robin
  2696 | D:2      | Reached skill level 4 in Unarmed Combat
  2782 | D:2      | Noticed Natasha
  2790 | D:2      | Noticed Terence
  2798 | D:2      | Killed Natasha
  2799 | D:2      | Reached XP level 4. HP: 13/37 MP: 6/6
  2821 | D:2      | Killed Terence
  3313 | D:2      | Noticed Natasha
  3325 | D:2      | Killed Natasha
  3463 | D:2      | HP: 1/38 [poisoned by Robin]
  3463 | D:2      | Hit by a goblin thrown by Robin

Illustrated notes

Levels and vault maps discovered:
D:1:      roderic_crossed_star, layout_basic, serial_corexii_hall,
          chequers_hall_statues_y, chequers_hall_statues_corner_a
D:2:      layout_rooms, serial_corexii_hall, corexii_hall_statues_l,
          corexii_hall_statues_l, corexii_hall_statues_s,
          chequers_hall_statues_corner_a, chequers_hall_statues_corner_a,
          corexii_hall_statues_deadend, basic_altar,
          dreamdust_ecumenical_altar_angels_and_demons, uniq_terence,
          uniq_natasha, uniq_robin, uniq_crazy_yiuf_cottage

Skill      XL: |  1  2  3  4 |
---------------+-------------+-----
Unarmed Combat | 3 4 |  4.7
Fighting       | 2 3 |  3.1
Throwing       | |  1.7
Dodging        | |  2.6

Action                   |  1- 3 |  4- 6 || total
-------------------------+-------+-------++-------
Melee: Hand axe          |    93 |       ||    93
       Punch             |     4 |       ||     4
       Unarmed           |    44 |    49 ||    93
Throw: Throwing net      |       |     3 ||     3
  Use: Scroll            |     2 |       ||     2
       Potion            |     1 |       ||     1
 Stab: Held in net/web   |       |     3 ||     3
Armor: Leather armour    |    46 |     1 ||    47
       Scale mail        |       |    18 ||    18
Dodge: Dodged            |    86 |    23 ||   109
